 Dungeon Crawl Stone Soup version 0.24-a0-91-g4e4936a (webtiles) character file.

Game seed: 16703039681780076407

32 Borgoz the Skirmisher (level 3, -1/24 HPs)
             Began as a Gargoyle Abyssal Knight on Feb 9, 2019.
             Was a Follower of Lugonu.
             Slain by a gnoll
             ... wielding a +0 halberd
              (5 damage)
             ... on level 2 of the Dungeon.
             The game lasted 00:01:53 (1283 turns).

Borgoz the Skirmisher (Gargoyle Abyssal Knight)     Turns: 1283, Time: 00:01:54

Health: -1/24      AC:  6    Str: 15    XL:     3   Next: 27%
Magic:  4/4        EV: 11    Int: 12    God:    Lugonu [*.....]
Gold:   47         SH:  3    Dex: 10    Spells: 2/2 levels left

rFire    . . .     SeeInvis .   l - +0 hand axe
rCold    . . .     Gourm    .   (no shield)
rNeg     + . .     Faith    .   b - +0 leather armour
rPois    ∞         Spirit   .   (no helmet)
rElec    +         Reflect  +   (no cloak)
rCorr    .         Harm     .   (no gloves)
MR       .....                  (no boots)
Stlth    +.........             d - +3 amulet of reflection
HPRegen  0.08/turn              (no ring)
MPRegen  0.09/turn              (no ring)

@: no status effects
A: negative energy resistance 1, electricity resistance, unbreathing,
petrification resistance, rot immunity, AC +3
a: Depart the Abyss, Renounce Religion


You were on level 2 of the Dungeon.
You worshipped Lugonu.
Lugonu was aware of your devotion.
You were not hungry.

You visited 1 branch of the dungeon, and saw 2 of its levels.
You visited the Abyss 1 time.

You collected 47 gold pieces.

Inventory:

Hand Weapons
 l - a +0 hand axe (weapon)
Armour
 b - a +0 leather armour (worn)
Jewellery
 d - a +3 amulet of reflection (around neck)
Scrolls
 e - a scroll of fear {unknown}
 i - a scroll of noise {unknown}
 j - 2 scrolls of identify {unknown}
 m - a scroll of teleportation {unknown}
Potions
 f - a potion of lignification {unknown}
 g - a potion of cancellation {unknown}
 h - a potion of invisibility {unknown}
 k - a potion of berserk rage {unknown}
Comestibles
 a - 4 chunks of flesh
 c - 5 rations


   Skills:
 + Level 3.9 Fighting
   Level 2.0 Short Blades
 * Level 0.1 Axes
 + Level 2.3 Armour
 + Level 0.9 Dodging
 - Level 1.7 Stealth
 + Level 2.0 Invocations


You had 2 spell levels left.
You didn't know any spells.
Your spell library was empty.

Dungeon Overview and Level Annotations

Branches:
Dungeon (2/15)

Altars:


Innate Abilities, Weirdness & Mutations

You are resistant to torment.
Your stone body is resilient. (AC +3)
You are immune to poison.
You resist negative energy. (rN+)
You are resistant to electric shocks. (rElec)
You can survive without breathing.
You are immune to petrification.
You are immune to rotting.


Message History

The gnoll shouts! x2
The gnoll hits you with a +0 whip.
You closely miss the gnoll. The gnoll closely misses you. x2
You hit the gnoll.
The gnoll is lightly wounded.
The gnoll hits you with a +0 whip.
The gnoll hits you from afar with a +0 halberd!
Ouch! That really hurt!
* * * LOW HITPOINT WARNING * * *
The gnoll closely misses you.
You closely miss the gnoll.
The gnoll is lightly wounded.
The gnoll completely misses you.
The gnoll hits you from afar with a +0 halberd.
* * * LOW HITPOINT WARNING * * *
You hit the gnoll.
The gnoll is moderately wounded.
You block the gnoll's attack.
The gnoll hits you from afar with a +0 halberd.
You die...

#......... #.........
####### #.........
##.....#######
#.........
#..###.......#
##..>...... #.##
######..# ###..........
#.# #.## #............
#.#
####.####.##.........
#.#
#...@.....######.####
..####.#####....g....##
#.#
#..............ggg....#
#.#
######.####..........%#
##.# .....#.##
#...........# #..#
........# ##.........##
##.## .......##
##.......## #..#
......## #....#### #.##
......# #####.#


You could see 4 gnolls.

Vanquished Creatures
  An ooze (D:1)
  A dart slug (D:1)
  A leopard gecko (D:2)
  3 giant cockroaches
  5 goblins
  3 hobgoblins (D:2)
  2 kobolds (D:1)
  A ball python (D:1)
  2 bats (D:1)
  3 rats
22 creatures vanquished.

Notes
Turn   | Place    | Note
-------+----------+-------------------------------------------
     0 | Abyss:1  | Borgoz the Gargoyle Abyssal Knight began the quest for the
                  | Orb.
     0 | Abyss:1  | Reached XP level 1. HP: 14/14 MP: 2/2
    42 | Abyss:1  | Noticed a thrashing horror
    43 | D:1      | Escaped the Abyss
   211 | D:1      | Reached XP level 2. HP: 14/19 MP: 3/3
   237 | D:1      | Reached skill level 1 in Stealth
   564 | D:1      | Reached * piety under Lugonu
   897 | D:2      | Reached XP level 3. HP: 24/24 MP: 4/4
  1283 | D:2      | Slain by a gnoll

Levels and vault maps discovered:
D:1:      kilobyte_arrival_exit_the_forest, layout_loops_ring, minivault_11
D:2:      layout_rooms, grunt_qazlal_sundering
Abyss:1

Skill      XL: |  1  2 |
---------------+-------+-----
Stealth        | 1 |  1.7
Short Blades   | 2 |  2.0
Fighting       | |  3.9
Axes           | |  0.1
Armour         | |  2.3
Dodging        | |  0.9
Invocations    | |  2.0

Action                   || total
-------------------------++-------
Melee: Short sword       ||    81
       Hand axe          ||    13
Invok: Depart the Abyss  ||     1
 Stab: Sleeping          ||     1
  Eat: Chunk             ||     1
Armor: Leather armour    ||    38
Dodge: Dodged            ||    53
Block: Other             ||     2

Table legend:
 A = Non-vault XP
 B = Vault XP
 C = Vault XP percentage of total XP
 D = Non-vault monster count
 E = Vault monster count
 F = Vault count percentage of total count
                 A         B        C        D         E       F
            +---------+---------+-------+---------+---------+-------
      Total |      47 |       0 |   0.0 |      22 |       0 |   0.0
            +---------+---------+-------+---------+---------+-------
        D:1 |      32 |       0 |   0.0 |      14 |       0 |   0.0
        D:2 |      15 |       0 |   0.0 |       8 |       0 |   0.0
            +---------+---------+-------+---------+---------+-------
